 Dungeon Crawl Stone Soup version 0.26-a0-52-gd53d4cd058 (webtiles) character file.

Game seed: 16234647385581387401

77 MarredHen the Caller (level 4, -8/24 HPs)
             Began as a Tengu Summoner on June 5, 2020.
             Mangled by Sigmund
             ... wielding a +3 vorpal scythe
              (15 damage)
             ... on level 2 of the Dungeon.
             The game lasted 00:06:59 (3781 turns).

MarredHen the Caller (Tengu Summoner)               Turns: 3781, Time: 00:07:00

Health: -8/24      AC:  2    Str:  5 (8)  XL:     4   Next: 34%
Magic:  6/9        EV: 13    Int: 15 (17) God:
Gold:   53         SH:  0    Dex: 13 (14) Spells: 7/8 levels left

rFire    . . .     SeeInvis .   e - +0 dagger
rCold    . . .     Gourm    .   (no shield)
rNeg     . . .     Faith    .   a - +0 robe
rPois    .         Spirit   .   (helmet restricted)
rElec    .         Reflect  .   (no cloak)
rCorr    .         Harm     .   (no gloves)
MR       .....                  (boots unavailable)
Stlth    ++........             (no amulet)
HPRegen  0.08/turn              (no ring)
MPRegen  0.11/turn              (no ring)

@: no status effects
A: beak, talons 3
a: no special abilities


You were on level 2 of the Dungeon.
You were not hungry.

You visited 1 branch of the dungeon, and saw 3 of its levels.

You collected 53 gold pieces.

Inventory:

Hand Weapons
 e - a +0 dagger (weapon)
Armour
 a - a +0 robe (worn)
Scrolls
 g - a scroll of identify {unknown}


   Skills:
 + Level 0.3 Fighting
 + Level 0.1 Short Blades
 + Level 2.6 Dodging
 + Level 2.0 Stealth
 + Level 0.8 Unarmed Combat
 + Level 2.9 Spellcasting
 + Level 5.7 Summonings


You had 7 spell levels left.
You knew the following spells:

 Your Spells              Type           Power        Failure   Level  Hunger
a - Summon Small Mammal   Summ           ###.         1%          1    #......

Your spell library contained the following spells:

 Spells                   Type           Power        Failure   Level  Hunger
 Call Imp                 Summ           ###.....     3%          2    ##.....
 Call Canine Familiar     Summ           ###.....     6%          3    ###....
 Summon Guardian Golem    Hex/Summ       ##......     19%         3    ###....
 Summon Ice Beast         Ice/Summ       ##......     52%         4    #####..
 Summon Lightning Spire   Summ/Air       ##......     52%         4    #####..


Dungeon Overview and Level Annotations

Branches:
Dungeon (3/15)

Altars:

Annotations:
D:2 Robin, Sigmund


Innate Abilities, Weirdness & Mutations

You have a beak for a mouth.
You have claws for feet.


Message History

Sigmund is severely wounded.
Your quokka closely misses Sigmund.
Your quokka bites Sigmund.
Sigmund closely misses you.
Your quokka closely misses Sigmund. x2
Your rat barely misses Sigmund.
Unknown command.
You hit Sigmund but do no damage.
Sigmund is severely wounded.
Sigmund closely misses you.
Your quokka closely misses Sigmund.
Your quokka misses Sigmund.
Your rat barely misses Sigmund.
Unknown command.
You barely miss Sigmund.
Sigmund is severely wounded.
Your quokka barely misses Sigmund. x2
Your rat bites Sigmund but does no damage.
Unknown command.
You barely miss Sigmund. You claw Sigmund.
Sigmund is severely wounded.
Sigmund hits you with a +3 vorpal scythe!
Ouch! That really hurt!
You die...

#. .. ##...........
.##g###............
..#..#.......#.....
#. #.#..>....####.#
#. #.)).)....# #.#
#.##..#..(..## #.#
#.........)..# #.#
##r##........# #.#
#r@@#.......># #.#
##.#rr#>.....## #.#
#...........## #..
#..........### #.
#.........^..# #.
##..........#.## #.
#...........#[.##
#.
...####?....###..##
#. ### #.....#
##..###.


You could see Sigmund, 2 friendly quokkas and 2 friendly rats.

Vanquished Creatures
  2 adders (D:1)
  A leopard gecko (D:1)
  2 giant cockroaches (D:1)
  7 goblins (D:1)
  A hobgoblin (D:1)
  4 jackals (D:1)
  2 kobolds (D:1)
19 creatures vanquished.

Vanquished Creatures (collateral kills)
  Jessica (D:2)
  An adder (D:2)
  A dart slug (D:2)
  A leopard gecko (D:1)
  A giant cockroach (D:1)
  5 hobgoblins
  4 jackals (D:1)
  2 bats
  A frilled lizard (D:1)
  5 goblins
  2 kobolds
  2 rats
26 creatures vanquished.

Grand Total: 45 creatures vanquished

Notes
Turn   | Place    | Note
-------+----------+-------------------------------------------
     0 | D:1      | MarredHen the Tengu Summoner began the quest for the Orb.
     0 | D:1      | Reached XP level 1. HP: 10/10 MP: 4/4
   180 | D:1      | Reached skill level 5 in Summonings
   213 | D:1      | Reached XP level 2. HP: 3/15 MP: 0/6
  1392 | D:1      | Reached XP level 3. HP: 19/19 MP: 3/7
  2698 | D:2      | Noticed Jessica
  2707 | D:2      | Killed Jessica
  2707 | D:2      | Reached XP level 4. HP: 13/24 MP: 4/9
  2881 | D:2      | Noticed Sigmund
  3172 | D:2      | Noticed Robin
  3781 | D:2      | Mangled by Sigmund

Illustrated notes

Levels and vault maps discovered:
D:1:      lightli_arrival_flooded_house, layout_loops_cross
D:2:      layout_rooms, vehumet_crystals, first_ration, uniq_robin,
          uniq_sigmund, uniq_jessica
D:3:      layout_basic, serial_undead, serial_undead_e, serial_undead_f,
          serial_undead_c, serial_undead_a, serial_undead_a, serial_undead_a,
          chequers_serial_rivers_large_a

Skill      XL: |  1 |
---------------+----+-----
Summonings     | 5 |  5.7
Fighting       | |  0.3
Short Blades   | |  0.1
Dodging        | |  2.6
Stealth        | |  2.0
Unarmed Combat | |  0.8
Spellcasting   | |  2.9

Action                   |  1- 3 |  4- 6 || total
-------------------------+-------+-------++-------
Melee: Unarmed           |    48 |       ||    48
       Peck              |    14 |     3 ||    17
       Kick              |    12 |     3 ||    15
       Dagger            |    31 |    24 ||    55
       Punch             |     1 |       ||     1
 Cast: Summon Small Mamm |    74 |    28 ||   102
  Use: Potion            |     3 |     3 ||     6
       Scroll            |     1 |       ||     1
  Eat: Chunk             |     3 |       ||     3
       Ration            |     1 |     1 ||     2
Armor: Robe              |    15 |     2 ||    17
Dodge: Dodged            |    78 |    37 ||   115

Table legend:
 A = Non-vault XP
 B = Vault XP
 C = Vault XP percentage of total XP
 D = Non-vault monster count
 E = Vault monster count
 F = Vault count percentage of total count
                 A         B        C        D         E       F
            +---------+---------+-------+---------+---------+-------
      Total |      73 |      38 |  34.2 |      36 |       9 |  20.0
            +---------+---------+-------+---------+---------+-------
        D:1 |      57 |       6 |   9.5 |      29 |       4 |  12.1
        D:2 |      16 |      32 |  66.7 |       7 |       5 |  41.7
            +---------+---------+-------+---------+---------+-------
